Description

i love INnoVation

VOD

https://www.youtube.com/watch?v=NU1NARDvveI

Replay - [TvZ]++[Kaizi]INnoVation+vs+[AFSC2]soO+_金_-天梯版

Build Order

Get SALT Encoding   

  12  0:00  SCV  
  13  0:12  SCV  
  14  0:17  Supply Depot  
  14  0:24  SCV  
  15  0:39  SCV  
  15  0:40  Barracks  
  16  0:44  Refinery  
  16  0:51  SCV  
  17  1:03  SCV  
  18  1:15  SCV  
  19  1:27  Orbital Command, Reaper  
  20  1:39  Command Center  
  20  1:50  Supply Depot  
  20  1:53  SCV  
  21  1:59  Marine  
  22  2:05  SCV  
  22  2:07  Factory  
  23  2:12  Refinery  
  23  2:17  SCV  
  23  2:21  Barracks Reactor  
  24  2:29  SCV  
  25  2:41  SCV  
  26  2:52  Starport, Orbital Command  
  26  2:53  SCV  
  27  3:00  Hellion x2  
  27  3:03  Barracks Tech Lab  
  27  3:05  SCV  
  32  3:14  Supply Depot  
  32  3:17  SCV  
  32  3:18  SCV  
  34  3:23  Hellion x2  
  38  3:28  Viking  
  38  3:30  SCV  
  38  3:31  SCV  
  42  3:39  Supply Depot  
  42  3:42  SCV  
  42  3:43  SCV  
  42  3:45  Hellion  
  42  3:48  Hellion  
  48  3:52  Stimpack  
  48  3:54  SCV  
  49  3:55  SCV  
  49  3:58  Liberator  
  53  4:07  Supply Depot  
  53  4:08  SCV x2  
  53  4:09  Hellion  
  57  4:13  Hellion  
  59  4:20  SCV x2  
  61  4:30  Command Center  
  61  4:36  SCV x2  
  63  4:43  Barracks, Factory Tech Lab  
  63  4:45  Starport Reactor  
  63  4:48  Supply Depot, SCV x2  
  63  4:50  Barracks, Marine  
  66  5:01  SCV  
  66  5:02  SCV  
  68  5:07  Refinery, Marine  
  68  5:09  Engineering Bay x2  
  68  5:10  Refinery  
  68  5:13  Siege Tank  
  68  5:14  SCV x2  
  74  5:20  Supply Depot  
  74  5:25  Marine  
  74  5:26  SCV  
  74  5:27  SCV  
  77  5:33  Marine  
  78  5:37  Combat Shield  
  78  5:38  Terran Infantry Weapons Level 1, Terran Infantry Armor Level 1  
  78  5:39  Starport Reactor  
  78  5:41  Marine  
  78  5:42  Orbital Command  
  79  5:43  Marine, SCV x2  
  79  5:48  Siege Tank  
  85  5:50  Marine x2  
  85  5:56  Supply Depot  
  87  5:57  SCV  
  87  5:58  Marine, SCV  
  87  5:59  Marine  
Spawning Tool Build Advisor. Get it on Overwolf

Go to:

Details

  • Created by: koreansc2community우마갤
  • Published on: Apr 10, 2021
  • Modified on: Jul 09, 2021
  • Patch: 4.11.0
  • Difficulty: Medium
Show
View Real Time Build Order
Export as new Build Order

Comments (0)

There are no comments. Be the first!

Create an account to comment!